AoeStats
← greyra

Arena

505090449Analyzed
1v1 RM · 26d ago on Sep 7, 2026· 33m 24s· 2 players
Game mode
Random Map
Map size
Tiny (2 player)
Population
200
Speed
Normal
Resources
Standard
Victory
Conquest
Starting age
Dark Age
Ending age
Imperial Age
RankedLock teamsTeams togetherTeam positionsShared explorationLock speedFull tech treeHidden civsTurbo modeCheats
Victory
Defeat
🇲🇽 Turks · Mexico
1082
+15
🇩🇪 Gurjaras · Germany
1066
-15
greyra
10:35 Feudal Age
9:57 Loom
11:26 Double-Bit Axe
11:45 Horse Collar
17:34 Castle Age
18:07 Scale Barding Armor
19:46 Husbandry
19:52 Husbandry
21:41 Fletching
30:04 Imperial Age
28:12 Bow Saw
28:11 Devotion
28:56 Bloodlines
28:21 Elite Skirmisher
29:58 Elite Skirmisher
30:50 Bodkin Arrow
31:11 Atonement
31:32 Gold Mining
Willycruyff
11:35 Feudal Age
15:54 Castle Age
14:19 Double-Bit Axe
15:36 Gold Mining
15:28 Horse Collar
15:43 Horse Collar
19:12 Gold Shaft Mining
25:07 Imperial Age
24:11 Sanctity
24:45 Loom
25:45 Bow Saw
27:54 Padded Archer Armor
29:22 Leather Archer Armor
30:58 Husbandry
31:40 Ring Archer Armor
33:08 Wheelbarrow
32:19 Town Watch
Connection lost

Rejoining the realm…

Still unreachable

The connection could not be restored.

Session expired

The server has moved on; the page needs a fresh start.